 Dungeon Crawl Stone Soup version 0.31-a0-986-g5e6e4ef867 (webtiles) character file.

Game seed: 14387413775508482685

17775 jasper the Carver (level 12, -4/92 HPs)
             Began as a Human Fighter on Nov 7, 2023.
             Was a High Priest of Fedhas.
             Killed from afar by a lindwurm (17 damage)
             ... with a blast of flame
             ... on level 2 of the Lair of Beasts on Nov 8, 2023.
             The game lasted 00:31:11 (15501 turns).

jasper the Carver (Human Fighter)                  Turns: 15501, Time: 00:31:11

Health: -4/92      AC: 18    Str: 24    XL:     12   Next: 86%
Magic:  18/18      EV:  6    Int: 11    God:    Fedhas [*****.]
Gold:   810        SH: 10    Dex: 14    Spells: 11/11 levels left

rFire   + . .        J - +0 scimitar
rCold   + . .        b - +0 kite shield
rNeg    + . .        v - +0 plate armour
rPois   +            D - +0 helmet
rElec   +            n - +1 cloak
rCorr   +            (no gloves)
SInv    .            O - +0 pair of boots
Will    .....        o - amulet of the acrobat Stlth
                     e - +6 ring of strength
HPRegen 0.35/turn    N - ring of positive energy
MPRegen 0.16/turn

%: acrobat
@: resistant, invisible
A: no striking features
a: Renounce Religion, Wall of Briars, Grow Ballistomycete, Overgrow, Grow Oklob


You were on level 2 of the Lair of Beasts.
You worshipped Fedhas.
Fedhas was extremely pleased with you.
You visited 2 branches of the dungeon, and saw 13 of its levels.
You also visited: Sewer.

You collected 887 gold pieces.
You spent 77 gold pieces at shops.

Inventory:

Hand Weapons
 h - a +2 antimagic rapier
 H - a +2 great sword
 J - a +0 scimitar (weapon)
Missiles
 c - 2 throwing nets
 j - 25 poisoned darts (quivered)
 l - 8 datura-tipped darts
 P - 5 atropa-tipped darts
 Z - a curare-tipped dart
Armour
 b - a +0 kite shield (worn)
 n - a +1 cloak (worn)
 v - a +0 plate armour (worn)
 A - a +0 cloak
 D - a +0 helmet (worn)
 G - the +4 ring mail of Absence {Str+3 Slay+4 SInv}
   (You found it on level 4 of the Dungeon)

   Str+3:     It affects your strength (+3).
   Slay+4:    It affects your accuracy & damage with ranged weapons and melee
   (+4).
   SInv:      It lets you see invisible.
 O - a +0 pair of boots (worn)
Jewellery
 e - a +6 ring of strength (left hand)
 g - a ring of ice
 k - a ring of ice
 o - an amulet of the acrobat (around neck)
 y - the ring of Absolutism {rF- Will+ Str+4}
   (You found it on level 4 of the Dungeon)

   [ring of willpower]

   Str+4:     It affects your strength (+4).
   rF-:       It makes you vulnerable to fire.
   Will+:     It increases your willpower.
 F - a ring of fire
 I - a ring of willpower
 N - a ring of positive energy (right hand)
 Q - a +6 ring of strength
 T - a +6 ring of dexterity
 V - an amulet of faith
Wands
 m - a wand of roots (11)
 s - a wand of paralysis (22)
 E - a wand of polymorph (6)
 M - a wand of digging (6)
 U - a wand of acid (3)
 W - a wand of mindburst (13)
 X - a wand of flame (15)
Scrolls
 f - 3 scrolls of noise
 i - a scroll of immolation
 q - a scroll of vulnerability
 r - a scroll of enchant weapon
 B - 2 scrolls of fog
 L - 4 scrolls of teleportation
 S - 2 scrolls of amnesia
Potions
 p - 4 potions of cancellation
 t - 3 potions of brilliance
 u - 3 potions of mutation
 w - a potion of haste {unknown}
 x - 3 potions of attraction
 z - a potion of magic
 C - 2 potions of heal wounds {unknown}
 K - 2 potions of ambrosia {unknown}
 R - a potion of lignification {unknown}
 Y - 3 potions of curing


   Skills:
 - Level 8.1 Fighting
 - Level 14.0 Long Blades
 - Level 8.2 Armour
 - Level 7.1 Shields
 + Level 8.9 Invocations


You had 11 spell levels left.
You didn't know any spells.
Your spell library contained the following spells:

 Spells                   Type           Power      Damage    Failure   Level
 Apportation              Tloc           0%         N/A       100%        1
 Summon Small Mammal      Summ           0%         N/A       100%        1
 Blink                    Tloc           0%         N/A       100%        2
 Jinxbite                 Hex            0%         N/A       100%        2
 Lesser Beckoning         Tloc           0%         N/A       100%        2
 Momentum Strike          Conj/Tloc      0%         3d8       100%        2
 Call Canine Familiar     Summ           0%         N/A       100%        3
 Ignite Poison            Fire/Tmut/Pois 0%         N/A       100%        3
 Summon Guardian Golem    Hex/Summ       0%         N/A       100%        3
 Tukima's Dance           Hex            0%         N/A       100%        3
 Dimensional Bullseye     Hex/Tloc       0%         N/A       100%        4
 Iskenderun's Mystic Bla  Conj/Tloc      0%         2d3       100%        4
 Sticky Flame             Conj/Fire      0%         2d3       100%        4
 Alistair's Intoxication  Tmut/Pois      0%         N/A       100%        5
 Ignition                 Fire           0%         3d3       100%        8


Dungeon Overview and Level Annotations

Branches:
Dungeon (11/15)            Temple (0/1) D:6            Lair (2/5) D:8
    Orc (0/2) D:11          Sewer (visited)
  Swamp: Lair:2-3    Shoals: Lair:2-3     Snake: Lair:2-3    Spider: Lair:2-3

Altars:
Dithmenos
Fedhas
Hepliaklqana
Nemelex Xobeh
Okawaru
Uskayaw
Vehumet
Wu Jian
Zin
The Shining One

Shops:
D:3 !   D:7 :

Annotations:
D:10 2 transporters, FakeRyeBread's ghost, journeyman GrFi
D:11 3 runed translucent doors


Message History

The lindwurm bites you.
* * * LOW HITPOINT WARNING * * *
The lindwurm claws you.
* * * LOW HITPOINT WARNING * * *
You block the lindwurm's attack.
You take 11 damage, and have 15/92 hp.
You slash the lindwurm!
The lindwurm is severely wounded.
The lindwurm breathes flames at you. The blast of flame hits you.
* * * LOW HITPOINT WARNING * * *
You take 3 damage, and have 12/92 hp.
You barely miss the lindwurm.
The lindwurm is severely wounded.
You block the lindwurm's attack.
The lindwurm claws you but does no damage. x2
Okay, then.
Okay, then.
You feel protected. You block the lindwurm's attack.
The lindwurm claws you but does no damage.
You block the lindwurm's attack.
You fade into invisibility!
The lindwurm bites you but does no damage.
The lindwurm claws you but does no damage. x2
You strike the helpless lindwurm from behind!
You hit the lindwurm but do no damage.
The lindwurm is severely wounded.
You hit the lindwurm but do no damage.
The lindwurm is severely wounded.
You block the lindwurm's attack.
The lindwurm claws you but does no damage.
The lindwurm claws you.
* * * LOW HITPOINT WARNING * * *
You slash the lindwurm!
The lindwurm is almost dead.
The lindwurm breathes flames at you. The blast of flame hits you! You resist.
You die...
Fedhas appreciates your contribution to the ecosystem.

..## #.#####.# #P.# #.P
#)#.#P..#######.# #.#
#.......#..##...## ###
####.##..........# ##
##.#######.###..###.#.#.##
##.###.......#...###..#####..#
§..§....≈≈≈...##..##..# ##.#
§≈.§≈≈≈≈≈.≈≈§≈≈#...P.## #.#
§≈≈≈≈......k§.##@....# #.P
§.....#.###.##.k.#.#.# #.##
######### ########..... ..#
##P##.. ### ### #.# ##


You could see a lindwurm (unable to see you, catching breath).

Vanquished Creatures
  Harold (Lair:1)
  A boulder beetle (Lair:1)
  Amaemon (D:9)
  The ghost of sokol815 the Sneak, a novice OpGl (D:6)
  8 elephants
  Joseph (D:9)
  An orange demon (D:9)
  An unseen horror (D:6)
  A rime drake (Lair:1)
  A komodo dragon (Lair:2)
  3 merfolk (Lair:2)
  A polar bear (Lair:2)
  2 trolls
  5 blink frogs (Lair:2)
  A shadow (D:10)
  4 wyverns
  21 yaks
  A basilisk (Lair:2)
  2 steam dragons
  5 water moccasins
  2 black bears
  2 ice beasts
  4 orc warriors
  2 sky beasts (D:7)
  2 ogres
  7 centaurs
  3 phantoms
  2 kobold brigands
  2 scorpions
  10 bullfrogs
  A gnoll sergeant (D:9)
  5 wights (D:7)
  3 killer bees (D:10)
  8 howler monkeys
  An electric eel (Lair:1)
  A lava snake (Lair:1)
  3 jellies
  4 orc priests
  A gnoll bouda (D:5)
  2 hounds
  5 iguanas
  12 orc wizards
  14 gnolls
  14 adders
  A river rat (D:3)
  A shadow imp (D:5)
  2 white imps
  An ufetubus (D:6)
  4 worms
  A dart slug (D:4)
  24 orcs
  11 ball pythons
  5 bats
  8 endoplasms
  4 giant cockroaches
  5 hobgoblins
  3 jackals (D:5)
  4 frilled lizards
  11 goblins
  20 kobolds
  10 rats
  A spectral goblin (D:3)
288 creatures vanquished.

Vanquished Creatures (collateral kills)
  A centaur (D:9)
  An ufetubus (D:6)
2 creatures vanquished.

Vanquished Creatures (others)
  A jelly (D:6)
  2 sleepcaps
  An orc wizard (D:8)
  2 orcs (D:8)
  A ball python (D:3)
  2 goblins (D:3)
  A rat (D:3)
10 creatures vanquished.

Grand Total: 300 creatures vanquished

Notes
Turn   | Place    | Note
-------+----------+-------------------------------------------
     0 | D:1      | jasper the Human Fighter began the quest for the Orb.
     0 | D:1      | Reached XP level 1. HP: 18/18 MP: 1/1
   105 | D:1      | Reached XP level 2. HP: 20/24 MP: 2/2
   420 | D:1      | Reached XP level 3. HP: 29/29 MP: 3/3
   488 | D:1      | You fall into a shaft and drop 1 floor!
   584 | D:2      | Found a blossoming altar of Fedhas.
   601 | D:2      | Became a worshipper of Fedhas Madash
   883 | D:3      | Reached XP level 4. HP: 4/35 MP: 4/4
  1052 | D:3      | Found a faded altar of an unknown god.
  1072 | D:3      | Reached skill level 3 in Long Blades
  1247 | D:3      | Found a glowing drain.
  1260 | D:3      | Reached XP level 5. HP: 36/41 MP: 5/5
  1278 | Sewer    | Entered a sewer
  1318 | Sewer    | Reached * piety under Fedhas
  1481 | Sewer    | Noticed a kobold brigand
  1491 | Sewer    | Killed a kobold brigand
  1492 | Sewer    | Reached XP level 6. HP: 34/48 MP: 6/6
  1711 | Sewer    | Reached skill level 4 in Long Blades
  1957 | D:3      | Found Baloocho's Distillery.
  1966 | D:3      | Bought a potion of curing for 33 gold pieces
  1966 | D:3      | Bought a potion of might for 44 gold pieces
  2465 | D:3      | Found a hazy altar of Hepliaklqana.
  2731 | D:4      | Noticed an ogre
  2742 | D:4      | Killed an ogre
  2802 | D:4      | Reached XP level 7. HP: 43/54 MP: 7/7
  2872 | D:4      | Identified the ring of Absolutism {rF- Will+ Str+4}
  2887 | D:4      | Reached ** piety under Fedhas
  2956 | D:4      | Reached skill level 5 in Long Blades
  3189 | D:4      | Identified the +4 ring mail of Absence {Str+3 Slay+4 SInv}
  3512 | D:5      | Entered Level 5 of the Dungeon
  3844 | D:5      | Reached skill level 5 in Armour
  3844 | D:5      | Reached XP level 8. HP: 61/61 MP: 8/8
  3860 | D:5      | Reached skill level 5 in Fighting
  3860 | D:5      | Reached skill level 6 in Long Blades
  4507 | D:5      | Reached *** piety under Fedhas
  4748 | D:6      | Reached skill level 1 in Invocations
  4804 | D:6      | Found a staircase to the Ecumenical Temple.
  4944 | D:6      | Found a transporter.
  4947 | D:6      | Noticed sokol815's ghost (novice OpGl)
  4948 | D:6      | Found a transporter.
  4965 | D:6      | Noticed an unseen horror
  5070 | D:7      | Noticed a wyvern
  5081 | D:7      | Killed a wyvern
  5082 | D:7      | Reached XP level 9. HP: 48/68 MP: 10/12
  5163 | D:7      | Reached skill level 5 in Invocations
  5411 | D:7      | Found a shadowy altar of Dithmenos.
  5757 | D:7      | Found Zoxil's Tiny Tomes.
  5768 | D:7      | Found a radiant altar of Vehumet.
  5893 | D:7      | Found a hide-covered altar of Uskayaw.
  5894 | D:7      | Found an ornate altar of the Wu Jian Council.
  5898 | D:7      | Reached skill level 7 in Long Blades
  6469 | D:8      | Reached skill level 8 in Long Blades
  6524 | D:8      | Reached XP level 10. HP: 70/74 MP: 16/16
  6914 | D:8      | Found a staircase to the Lair.
  6921 | D:8      | Reached skill level 9 in Long Blades
  6931 | D:8      | Reached **** piety under Fedhas
  6951 | D:8      | Reached skill level 10 in Long Blades
  7584 | D:9      | Noticed Amaemon
  7604 | D:9      | Killed Amaemon
  7608 | D:9      | Noticed an orange demon
  7910 | D:9      | Noticed Joseph
  7920 | D:9      | Paralysed by Joseph for 2 turns
  7923 | D:9      | Killed Joseph
  7924 | D:9      | Reached skill level 11 in Long Blades
  8070 | D:9      | Killed an orange demon
  8071 | D:9      | Reached skill level 12 in Long Blades
  8071 | D:9      | Reached XP level 11. HP: 44/80 MP: 9/17
  8915 | D:9      | Reached skill level 13 in Long Blades
  9217 | D:10     | Entered Level 10 of the Dungeon
  9323 | D:10     | Found a transporter.
  9323 | D:10     | Noticed a deep elf pyromancer
  9324 | D:10     | Noticed a manticore
  9325 | D:10     | Noticed FakeRyeBread's ghost (journeyman GrFi)
  9738 | D:10     | Found a transporter.
  9991 | D:10     | Found a glowing golden altar of the Shining One.
 10010 | D:10     | Found a sparkling altar of Nemelex Xobeh.
 10010 | D:10     | Found an iron altar of Okawaru.
 10010 | D:10     | Found a glowing silver altar of Zin.
 10274 | D:11     | Found a staircase to the Orcish Mines.
 10287 | D:11     | Found a runed translucent gate.
 10289 | D:11     | Found a runed translucent gate.
 10290 | D:11     | Found a runed translucent gate.
 10292 | D:11     | Noticed a death yak
 10376 | D:11     | Noticed a brown ugly thing
 11292 | D:6      | Killed sokol815's ghost
 11303 | D:6      | Reached skill level 14 in Long Blades
 11624 | Lair:1   | Entered Level 1 of the Lair of Beasts
 11711 | Lair:1   | Found an ornate altar of the Wu Jian Council.
 11711 | Lair:1   | Found a hide-covered altar of Uskayaw.
 11711 | Lair:1   | Noticed a boulder beetle
 11735 | Lair:1   | Killed a boulder beetle
 11929 | Lair:1   | Noticed an elephant
 11930 | Lair:1   | Noticed an elephant
 11934 | Lair:1   | Noticed an elephant
 11953 | Lair:1   | Killed an elephant
 11956 | Lair:1   | Noticed an elephant
 12177 | Lair:1   | Killed an elephant
 12309 | Lair:1   | Killed an elephant
 12598 | Lair:1   | Reached skill level 5 in Shields
 12605 | Lair:1   | Reached XP level 12. HP: 64/89 MP: 18/18
 12975 | Lair:1   | Noticed Harold
 12990 | Lair:1   | Killed Harold
 12990 | Lair:1   | Reached ***** piety under Fedhas
 15501 | Lair:2   | Killed from afar by a lindwurm

Illustrated notes

Levels and vault maps discovered:
D:1:      ebering_trefoil_twist, layout_basic, hangedman_decor_slide_cut
D:2:      layout_rooms, basic_altar, minmay_tetromino_s2
D:3:      layout_loops_corners, nicolae_hepliaklqana_monster_ancestors,
          portal_sewer_entry_a, basic_ecumenical_altar, serial_shops,
          nicolae_shop_trees
D:4:      layout_cave_pools
D:5:      layout_loops_corners, minmay_chambers_of_fives
D:6:      layout_basic, minmay_temple_entry_trees, gammafunk_ghost_arena,
          kennysheep_path_1, minivault_1, nicolae_nh_ransacked_shop
D:7:      layout_basic, mainiacjoe_overflow_24_doors,
          mainiacjoe_overflow_boulevard, mainiacjoe_overflow_divided_tiny,
          nicolae_shop_i_like_small_books_too, minivault_10,
          minmay_misc_feat_iff, minmay_a_box_with_orc_wizards_in_it
D:8:      layout_loops_corners, lair_entry_dummy
D:9:      layout_loops_ring, uniq_joseph, uniq_amaemon
D:10:     layout_roguey, grunt_temple_overflow_open, gammafunk_ghost_arena,
          lemuel_flamethrower_2
D:11:     lemuel_bear_cage, layout_loops_corners, orc_0_dummy
Lair:1:   layout_gridlike, nicolae_lair_grove_arrangements,
          nzn_masters_of_martial_movement, infiniplex_staircase_pool,
          uniq_harold
Lair:2:   layout_small_grid, mainiacjoe_shoals_entry_four_pools,
          nicolae_volcano_entry_vermiform, grunt_megastairs_1

Skill      XL: |  1  2  3  4  5  6  7  8  9 10 11 12 |
---------------+-------------------------------------+-----
Long Blades    | 3 4 5 6 8 12 14 | 14.0
Armour         | 4 5 6 8 |  8.2
Fighting       | 4 5 6 8 |  8.1
Shields        | 4 5 7 |  7.1
Invocations    | 4 8 |  8.9

Action                     |  1- 3 |  4- 6 |  7- 9 | 10-12 || total
---------------------------+-------+-------+-------+-------++-------
  Melee: Long sword        |    99 |   216 |   208 |       ||   523
         Scimitar          |       |       |    65 |   829 ||   894
  Throw: Dart              |     1 |       |     9 |    14 ||    24
 Invoke: Wall of Briars    |       |       |     1 |       ||     1
         Overgrow          |       |       |       |     1 ||     1
  Evoke: Wand              |       |     4 |     3 |     8 ||    15
    Use: Potion            |     1 |     1 |     2 |     6 ||    10
         Scroll            |       |    11 |     9 |     3 ||    23
   Stab: Confused          |       |       |       |     1 ||     1
         Invisible         |       |       |       |     1 ||     1
 Armour: Scale mail        |    93 |   135 |    35 |       ||   263
         Ring mail         |       |       |   163 |   440 ||   603
         Plate armour      |       |       |       |   105 ||   105
  Dodge: Dodged            |    57 |    93 |   164 |   340 ||   654
  Block: Buckler           |    15 |    39 |    64 |    69 ||   187
         Kite shield       |       |       |       |   169 ||   169

Table legend: (Time is in decaauts)
 A = Elapsed time spent in this place.
 B = Non-inter-level travel time spent in this place.
 C = Inter-level travel time spent in this place.
 D = Time resting spent in this place.
 E = Time spent auto-exploring this place.
 F = Levels seen in this place.
 G = Mean time per level.
                   A        B        C        D        E       F      G
               +--------+--------+--------+--------+--------+-----+--------+
         Total |  15567 |  14650 |    917 |   1664 |   9972 |  14 | 1111.9 |
       Dungeon |  11161 |  10398 |    763 |    858 |   7521 |  11 | 1014.6 |
          Lair |   3670 |   3516 |    154 |    806 |   2043 |   2 | 1835.0 |
         Sewer |    735 |    735 |      0 |      0 |    407 |   1 |  735.0 |
               +--------+--------+--------+--------+--------+-----+--------+

Top non-repeatable levels by time:
  Lair:2: 1908 daAuts
  Lair:1: 1762 daAuts
     D:8: 1489 daAuts
     D:9: 1473 daAuts
     D:7: 1469 daAuts
     D:3: 1272 daAuts
     D:6: 1244 daAuts
     D:5: 1224 daAuts
    D:10: 1156 daAuts
     D:4: 781 daAuts
   Sewer: 735 daAuts
     D:1: 504 daAuts
     D:2: 399 daAuts
    D:11: 146 daAuts
